cohdb
Replays
Latest Replays
All Replays
Popular Replays
Top Player Replays
Match Explorer
How It Works
Community
CoH3 Stats
Reddit
Sign in to upload your games and track your stats! →
Sign in with Steam
Match 40023211
Unlisted
Match 40023211
Overview
Messages
Build Orders
End
Construct Section Command Post
Vickers Machine Gun Team
Selects Canadian Shock Battlegroup
Vickers Machine Gun Team
Infantry Section
Grenade Package
Construct Field Infirmary
Selects Attacking Spirit
Selects Canadian Shock Section
Canadian Shock Section
Construct Platoon Command Post
Selects Incendiary Munitions
Canadian Shock Section
Selects Incendiary Munitions
Canadian Shock Section
Canadian Shock Section
Infantry Training
Selects Pyrotechnics
Unlock M3 Stuart Light Tanks
M3 Stuart Light Tank
Lord Hater
elvis86
Smash
×Dollyinh0÷
15832000298
Bighazelnut
0
0
Comments
sign in to comment!
No comments posted yet!